 Dungeon Crawl Stone Soup version 0.32-a0-876-gcfddb08e57 (webtiles) character file.

Game seed: 3988769300245062166

198 PriceMaster the Sneak (level 5, -6/25 HPs)
             Began as a Spriggan Enchanter on Mar 31, 2024.
             Mangled by a mummy (16 damage)
             ... in an ossuary.
             The game lasted 00:03:25 (2885 turns).

PriceMaster the Sneak (Spriggan Enchanter)          Turns: 2885, Time: 00:03:25

Health: -6/25      AC:  3    Str:  4    XL:     5   Next: 47%
Magic:  11/11      EV: 16    Int: 19    God:
Gold:   155        SH:  0    Dex: 15    Spells: 9/11 levels left

rFire   . . .        a - +2 dagger (venom)
rCold   . . .        (no shield)
rNeg    . . .        b - +0 robe
rPois   .            (helmet restricted)
rElec   .            i - +0 cloak
rCorr   .            (gloves unavailable)
SInv    +            (boots unavailable)
Will    .....        (no amulet)
Stlth   ++++         (no ring)
HPRegen 0.24/turn    (no ring)
MPRegen 0.12/turn

%: no passive effects
@: very quick
A: very small, no large weapons, unfitting armour, see invisible, speed 3
a: no special abilities


You were in an ossuary.
You visited 1 branch of the dungeon, and saw 4 of its levels.
You also visited: Ossuary.

You collected 155 gold pieces.

Inventory:

Hand Weapons
 a - a +2 dagger of venom (weapon)
Armour
 b - a +0 robe (worn)
 i - a +0 cloak (worn)
 p - a +0 pair of gloves
Magical Staves
 e - a staff of alchemy
Jewellery
 o - a ring of magical power
Scrolls
 g - a scroll of blinking
 h - a scroll of torment {unknown}
 k - 2 scrolls of revelation
 l - 2 scrolls of brand weapon
 m - a scroll of butterflies
 q - a scroll of teleportation
 r - a scroll of immolation
 s - a scroll of identify
Potions
 c - 2 potions of invisibility
 d - 5 potions of lignification {unknown}
 f - 4 potions of heal wounds {unknown}
 j - a potion of mutation {unknown}
 n - a potion of berserk rage {unknown}
 t - 2 potions of brilliance {unknown}
 u - a potion of enlightenment {unknown}


   Skills:
 * Level 0.8 Fighting
 * Level 2.2 Short Blades
 + Level 3.0 Dodging
 * Level 7.3 Stealth
 * Level 3.5 Spellcasting
 + Level 4.4 Hexes
 + Level 0.4 Ice Magic


You had 9 spell levels left.
You knew the following spells:

 Your Spells              Type           Power      Damage    Failure   Level
a - Ensorcelled Hibernat  Hex/Ice        24%        N/A       9%          2

Your spell library contained the following spells:

 Spells                   Type           Power      Damage    Failure   Level
 Confusing Touch          Hex            20%        N/A       7%          3
 Tukima's Dance           Hex            20%        N/A       7%          3
 Sandblast                Erth           6%         2d5       14%         1
 Dazzling Flash           Conj/Hex       22%        N/A       19%         3
 Stone Arrow              Conj/Erth      6%         3d7       41%         3
 Brom's Barrelling Bould  Conj/Erth      3%         2d3       82%         4


Dungeon Overview and Level Annotations

Branches:
Dungeon (4/15)            Ossuary (1/1)
 Temple: D:4-7

Altars:
Okawaru

Shops:
D:1 ?


Innate Abilities, Weirdness & Mutations

You are very small and have problems with some larger weapons.
You are too small for most types of armour.
You have supernaturally acute eyesight. (SInv)
You cover ground extremely quickly. (Speed+++)


Message History

You hit the mummy but do no damage. You hit the mummy but do no damage.
The mummy barely misses you.
You hit the mummy.
The mummy is moderately damaged.
You hit the mummy but do no damage.
The mummy is moderately damaged.
The mummy barely misses you.
You hit the mummy.
The mummy is moderately damaged.
You hit the mummy.
The mummy is heavily damaged.
The mummy hits you!
Ouch! That really hurt!
* * * LOW HITPOINT WARNING * * *
You are too injured to fight recklessly!
You are too injured to fight recklessly!
You are too injured to fight recklessly!
You are too injured to fight recklessly!
You are too injured to fight recklessly!
You are too injured to fight recklessly!
You are too injured to fight recklessly!
You are too injured to fight recklessly!
You are too injured to fight recklessly!
You are too injured to fight recklessly!
Okay, then.
You start resting.
A mummy is nearby!
A mummy is nearby!
A mummy is nearby!
A mummy is nearby!
You are too injured to fight recklessly!
You are too injured to fight recklessly!
The mummy closely misses you.
You hit the mummy.
The mummy is heavily damaged.
You hit the mummy.
The mummy is severely damaged.
The mummy hits you!
Ouch! That really hurt!
You die...

... ............#..#
....#####.........####
.....................#
.....................#
..............##.....#
..............##.....#
.....................#
..................#..#
................@##..#
Z....∩∩.........M##.∩#
.................##..#
..................#..#
.....................#
...........Z.........#
...Z..Z.......##.....#
..............##.....#
.....................#


You could see a mummy and a rat zombie.

Vanquished Creatures
  Crazy Yiuf (D:2)
  2 orc wizards (D:3)
  A mummy (Ossuary)
  3 adders
  An adder zombie (Ossuary)
  2 dart slugs (D:4)
  A ribbon worm (D:2)
  6 orcs
  3 ball pythons
  3 bats
  5 endoplasms
  2 giant cockroaches
  6 goblins
  6 hobgoblins
  2 jackals (D:1)
  3 quokkas
  3 frilled lizards
  A goblin zombie (Ossuary)
  2 hobgoblin zombies (Ossuary)
  2 jackal zombies (Ossuary)
  7 kobolds
  2 kobold zombies (Ossuary)
  3 rats
  A rat zombie (Ossuary)
68 creatures vanquished.

Notes
Turn   | Place    | Note
-------+----------+-------------------------------------------
     0 | D:1      | PriceMaster the Spriggan Enchanter began the quest for the
                  | Orb.
     0 | D:1      | Reached XP level 1. HP: 9/9 MP: 5/5
    16 | D:1      | Found Luofo Ydi's Magic Scroll Emporium.
   146 | D:1      | Reached XP level 2. HP: 11/13 MP: 6/6
   291 | D:1      | Learned a level 2 spell: Ensorcelled Hibernation
   519 | D:1      | Reached skill level 5 in Stealth
  1006 | D:2      | Found a faded altar of an unknown god.
  1010 | D:2      | Reached XP level 3. HP: 16/16 MP: 8/8
  1053 | D:2      | Found an iron altar of Okawaru.
  1329 | D:2      | Found a runed translucent door.
  1330 | D:2      | Noticed Crazy Yiuf
  1599 | D:2      | Killed Crazy Yiuf
  1600 | D:2      | Reached skill level 6 in Stealth
  1733 | D:3      | Reached XP level 4. HP: 21/21 MP: 9/9
  2092 | D:3      | Reached XP level 5. HP: 22/25 MP: 11/11
  2326 | D:3      | Reached skill level 7 in Stealth
  2724 | D:4      | Found a sand-covered staircase.
  2748 | Ossuary  | Entered an ossuary
  2885 | Ossuary  | Mangled by a mummy

Illustrated notes

Levels and vault maps discovered:
D:1:      tarquinn_simple_flora_water_a, layout_loops_cross, serial_shops,
          nicolae_shop_hallway_plus
D:2:      layout_basic, basic_altar, ebering_ecumenical_altar_webs,
          chequers_serial_rivers_micro_b, uniq_crazy_yiuf_cottage
D:3:      layout_rooms, serial_curves, eino_curves_01, eino_curves_04,
          hex_large, minivault_4
D:4:      layout_cave_pools, minmay_temple_entry_sparse_star,
          nicolae_ossuary_entry_monument, hangedman_decor_clover_reticule,
          guppyfry_early_orc_mine
Ossuary:  ossuary_minmay_tomb_2a

Skill      XL: |  1  2  3  4  5 |
---------------+----------------+-----
Hexes          | 4 |  4.4
Stealth        | 5 6 7 |  7.3
Spellcasting   | 3 |  3.5
Short Blades   | 2 |  2.2
Dodging        | 3 |  3.0
Fighting       | |  0.8
Ice Magic      | |  0.4

Action                     |  1- 3 |  4- 6 || total
---------------------------+-------+-------++-------
  Melee: Dagger            |    70 |   117 ||   187
   Cast: Ensorcelled Hiber |    10 |    21 ||    31
    Use: Scroll            |     8 |       ||     8
   Stab: Sleeping          |    19 |    17 ||    36
 Armour: Robe              |    20 |    45 ||    65
  Dodge: Dodged            |    55 |   157 ||   212

Table legend: (Time is in decaauts)
 A = Elapsed time spent in this place.
 B = Non-inter-level travel time spent in this place.
 C = Inter-level travel time spent in this place.
 D = Time resting spent in this place.
 E = Time spent auto-exploring this place.
 F = Levels seen in this place.
 G = Mean time per level.
                   A        B        C        D        E       F      G
               +--------+--------+--------+--------+--------+-----+--------+
         Total |   2042 |   1979 |     63 |     31 |   1524 |   5 |  408.4 |
       Dungeon |   1933 |   1870 |     63 |     29 |   1498 |   4 |  483.2 |
       Ossuary |    109 |    109 |      0 |      2 |     26 |   1 |  109.0 |
               +--------+--------+--------+--------+--------+-----+--------+

Top non-repeatable levels by time:
     D:3: 710 daAuts
     D:2: 638 daAuts
     D:1: 485 daAuts
 Ossuary: 109 daAuts
     D:4: 98 daAuts
